 Dungeon Crawl Stone Soup version 0.28-a0-381-g937acc2988 (webtiles) character file.

Game seed: 15870112142390001551

112 SkeletonJelly the Slasher (level 5, -3/32 HPs)
             Began as a Human Chaos Knight on Sept 1, 2021.
             Was a Plaything of Xom.
             Killed by nerve-wracking pain
             ... invoked by an orc priest
              (8 damage)
             ... on level 4 of the Dungeon.
             The game lasted 00:06:43 (4271 turns).

SkeletonJelly the Slasher (Human Chaos Knight)      Turns: 4271, Time: 00:06:43

Health: -3/32      AC:  5    Str: 11 (13) XL:     5   Next: 16%
Magic:  5/5        EV: 11    Int: 15      God:    Xom [.*....]
Gold:   171        SH:  0    Dex: 12      Spells: 3/4 levels left

rFire   + . .      SeeInvis .   a - +0 falchion (chaos)
rCold   . . .      Faith    .   (no shield)
rNeg    . . .      Spirit   .   b - +2 leather armour
rPois   .          Reflect  .   (no helmet)
rElec   .          Harm     .   (no cloak)
rCorr   .          Rampage  .   (no gloves)
Will    .....                   (no boots)
Stlth   +.........              (no amulet)
HPRegen 0.10/turn               g - ring of protection from fire
MPRegen 0.09/turn               (no ring)

@: no status effects
A: clever 1, deterioration 1, frail 2, screaming 2
a: Renounce Religion


You were on level 4 of the Dungeon.
You worshipped Xom.
You were a plaything of Xom.
You visited 1 branch of the dungeon, and saw 4 of its levels.

You collected 171 gold pieces.

Inventory:

Hand Weapons
 a - a +0 falchion of chaos (weapon)
Missiles
 h - 5 boomerangs (quivered)
 n - 25 poisoned darts
Armour
 b - a +2 leather armour (worn)
 i - a scarf of shadows
Jewellery
 g - a ring of protection from fire (left hand)
Scrolls
 d - 2 scrolls of immolation
 f - 2 scrolls of fear {unknown}
 j - 2 scrolls of identify {unknown}
 k - a scroll of enchant armour {unknown}
 l - a scroll of noise {unknown}
Potions
 c - a potion of invisibility {unknown}
 e - 2 potions of curing {unknown}
 m - a potion of magic {unknown}


   Skills:
 - Level 3.0 Fighting
 + Level 5.4 Long Blades
 - Level 2.0 Armour
 - Level 1.0 Dodging


You had 3 spell levels left.
You knew the following spells:

 Your Spells              Type           Power      Damage    Failure   Level
a - Animate Skeleton      Necr           0%         N/A       34%         1

Your spell library contained the following spells:

 Spells                   Type           Power      Damage    Failure   Level
 Pain                     Necr           0%         1d4       34%         1
 Vampiric Draining        Necr           0%         2d6       71%         3
 Chain Lightning          Conj/Air       0%         N/A       100%        9
 Fire Storm               Conj/Fire      0%         5d1       100%        9


Dungeon Overview and Level Annotations

Branches:
Dungeon (4/15)
 Temple: D:4-7

Altars:

Shops:
D:2 =

Annotations:
D:3 1 runed translucent door, SeanNever's ghost, weakling MiFi


Innate Abilities, Weirdness & Mutations

Your mind is acute. (Int +2)
Your body sometimes deteriorates upon taking damage.
You are very frail. (-20% HP)
You frequently scream uncontrollably at your foes.


Message History

The orc barely misses you.
You hit the orc priest but do no damage.
The orc hits you with a +0 whip.
The orc wizard casts a spell.
The orc wizard flickers and vanishes!
Deactivating autopickup; reactivate with Ctrl-A.
The orc priest closely misses you.
You take 3 damage, and have 21/36 hp.
Found 12 sling bullets.
The orc hits you with a +0 dagger. Something hits you but does no damage.
You take 1 damage, and have 20/36 hp.
The orc hits you with a +0 dagger. The orc completely misses you.
The orc priest looks braver for a moment.
You take 3 damage, and have 17/36 hp.
There is a stone staircase leading up here.
You climb upwards.
Level annotation: 1 runed translucent door, SeanNever's ghost, weakling MiFi Reactivating autopickup.
There is a stone staircase leading down here.
You are too injured to fight recklessly!
You are too injured to fight recklessly!
You are too injured to fight recklessly!
You are too injured to fight recklessly!
You are too injured to fight recklessly!
You are too injured to fight recklessly!
You slash the orc! You burn the orc.
You kill the orc!
You feel your strength returning.
You see here a +0 whip.
You see here a +0 whip.
There is a stone staircase leading down here.
You are now a plaything of Xom.
You regained 16 hp, and now have 34/36 hp.
You climb downwards.
You hear the sound of rushing water.
There is an entrance to a sewer on this level.
Hurry and find it before the portal rusts away!
You hear the slow rusting of a drain nearby.
The orc priest looks braver for a moment.
The orc closely misses you. The orc barely misses you.
There is a stone staircase leading up here.
The orc priest invokes the aid of Beogh against you.
Beogh smites you!
A shower of butterflies erupts from you!
The orc barely misses you.
You climb upwards.
Level annotation: 1 runed translucent door, SeanNever's ghost, weakling MiFi
There is a stone staircase leading down here.
You take 14 damage, and have 21/36 hp.
MASSIVE DAMAGE!!
You barely miss the orc. The orc closely misses you.
You hit the orc.
The orc suddenly seems more agile.
Xom is highly amused!
The orc is lightly wounded.
The orc hits you with a +0 dagger.
You take 1 damage, and have 20/36 hp.
You slash the orc!
You kill the orc!
No target in view!
No target in view!
No target in view!
No target in view!
No target in view!
No target in view!
You hear Xom's avuncular chuckle.
Your body is suffused with distortional energy.
You feel yourself wasting away.
You feel frail.
You feel clever.
You regained 8 hp, and now have 28/32 hp.
You climb downwards.
You hear the sound of rushing water.
There is an entrance to a sewer on this level.
Hurry and find it before the portal rusts away!
You hear the rusting of a drain nearby.
There is a stone staircase leading up here.
The orc priest invokes the aid of Beogh against you.
Beogh smites you!
You take 10 damage, and have 18/32 hp.
MASSIVE DAMAGE!!
The orc priest casts a cantrip, but nothing happens.
The orc priest misses you.
You barely miss the orc priest.
The orc priest hits you but does no damage.
The orc priest hits you with a +0 mace.
Your body deteriorates!
You feel weakened.
You take 4 damage, and have 14/32 hp.
You are too injured to fight recklessly!
You are too injured to fight recklessly!
You are too injured to fight recklessly!
You are too injured to fight recklessly!
You are too injured to fight recklessly!
You hit the orc priest but do no damage.
The orc priest hits you with a +0 mace.
* * * LOW HITPOINT WARNING * * *
You take 6 damage, and have 8/32 hp.
You barely miss the orc priest. The orc priest hits you with a +0 mace.
* * * LOW HITPOINT WARNING * * *
You take 3 damage, and have 5/32 hp.
You hit the orc priest but do no damage.
The orc priest completely misses you.
You barely miss the orc priest.
The orc priest invokes the aid of Beogh against you.
Pain shoots through your body!
You die...
Xom roars with laughter!

#............#
##..
#...........##....
#...........#.....
#...............
#.............#
.## #...........#
...##.........#
#..##......<##
#.....@...##
###..o...##
##....## ##..##
##.## #..## ##..#
##.## #..##


You could see an orc priest.

Vanquished Creatures
  3 adders (D:3)
  3 dart slugs
  4 orcs (D:3)
  2 ball pythons (D:1)
  5 bats
  6 endoplasms
  3 giant cockroaches
  6 goblins
  2 hobgoblins
  6 jackals
  9 kobolds
  7 quokkas
  4 frilled lizards
  8 rats
68 creatures vanquished.

Vanquished Creatures (others)
  10 plants (D:3)
10 creatures vanquished.

Grand Total: 78 creatures vanquished

Notes
Turn   | Place    | Note
-------+----------+-------------------------------------------
     0 | D:1      | SkeletonJelly the Human Chaos Knight began the quest for
                  | the Orb.
     0 | D:1      | Reached XP level 1. HP: 18/18 MP: 1/1
    65 | D:1      | XOM: potion effect (curing)
   129 | D:1      | Reached XP level 2. HP: 24/24 MP: 2/2
   181 | D:1      | XOM: give mutation
   181 | D:1      | Gained mutation: You are clumsy. (Dex -2) [Xom's mischief]
   332 | D:1      | Learned a level 1 spell: Animate Skeleton
   357 | D:1      | XOM: smoke on damage
   498 | D:1      | XOM: give mutation
   498 | D:1      | Gained mutation: You are frail. (-10% HP) [Xom's mischief]
   586 | D:1      | XOM: summons 2 hostile demons
   587 | D:1      | Noticed a quasit
   863 | D:1      | Reached skill level 4 in Long Blades
   863 | D:1      | Reached XP level 3. HP: 26/26 MP: 3/3
  1408 | D:2      | Found a faded altar of an unknown god.
  1576 | D:2      | XOM: 9-stop teleportation journey
  1840 | D:2      | Found Kian's Jewellery Shop.
  1917 | D:2      | XOM: silly message
  1996 | D:3      | Reached XP level 4. HP: 23/31 MP: 4/4
  1997 | D:3      | XOM: stat loss: -1 Str (12/13)
  2325 | D:3      | Reached skill level 5 in Long Blades
  2510 | D:3      | XOM: summons 3 hostile shadow creatures
  2535 | D:3      | XOM: stat loss: -1 Str (12/13)
  2623 | D:3      | XOM: give mutation
  2623 | D:3      | Gained mutation: You occasionally shout uncontrollably at
                  | your foes. [Xom's mischief]
  2648 | D:3      | XOM: give mutations
  2648 | D:3      | Lost mutation: You are clumsy. (Dex -2) [Xom's mischief]
  2648 | D:3      | Gained mutation: You frequently scream uncontrollably at
                  | your foes. [Xom's mischief]
  3349 | D:3      | Found a runed translucent door.
  3361 | D:3      | Reached XP level 5. HP: 36/36 MP: 5/5
  3469 | D:3      | XOM: stat loss: -1 Str (11/13)
  3548 | D:3      | Noticed SeanNever's ghost (weakling MiFi)
  3927 | D:3      | XOM: summons 2 hostile demons
  4036 | D:4      | XOM: smoke on damage
  4192 | D:4      | XOM: butterfly on damage
  4260 | D:3      | XOM: give mutations
  4260 | D:3      | Gained mutation: Your body sometimes deteriorates upon
                  | taking damage. [Xom's mischief]
  4260 | D:3      | Gained mutation: You are very frail. (-20% HP) [Xom's
                  | mischief]
  4260 | D:3      | Gained mutation: Your mind is acute. (Int +2) [Xom's
                  | mischief]
  4271 | D:4      | Killed from afar by an orc priest

Illustrated notes

Levels and vault maps discovered:
D:1:      psy_arrival_fountain, layout_loops_ring
D:2:      layout_basic, serial_shops, nicolae_lakefront_shop,
          dreamdust_ecumenical_altar_hidden_monk_grotto, serial_glass,
          glass_columns_a, glass_columns_a, glass_columns_a
D:3:      layout_basic, ebering_ghost_inner_flame, lexackson_kobold_supper
D:4:      layout_cave_pods, cheibrodos_sewer_entry_sluice, uniq_natasha

Skill      XL: |  1  2  3  4 |
---------------+-------------+-----
Long Blades    | 4 5 |  5.4
Fighting       | |  3.0
Armour         | |  2.0
Dodging        | |  1.0

Action                   |  1- 3 |  4- 6 || total
-------------------------+-------+-------++-------
Melee: Falchion          |   101 |   119 ||   220
Throw: Boomerang         |       |     2 ||     2
 Cast: Animate Skeleton  |     2 |     1 ||     3
Armor: Leather armour    |    40 |    40 ||    80
Dodge: Dodged            |    72 |    81 ||   153

Table legend: (Time is in decaauts)
 A = Elapsed time spent in this place.
 B = Non-inter-level travel time spent in this place.
 C = Inter-level travel time spent in this place.
 D = Time resting spent in this place.
 E = Time spent auto-exploring this place.
 F = Levels seen in this place.
 G = Mean time per level.
                   A        B        C        D        E       F      G
               +--------+--------+--------+--------+--------+-----+--------+
         Total |   4288 |   4163 |    125 |    100 |   3502 |   4 | 1072.0 |
       Dungeon |   4288 |   4163 |    125 |    100 |   3502 |   4 | 1072.0 |
               +--------+--------+--------+--------+--------+-----+--------+

Top non-repeatable levels by time:
     D:3: 2171 daAuts
     D:2: 1052 daAuts
     D:1: 937 daAuts
     D:4: 127 daAuts
